 Dungeon Crawl Stone Soup version 0.18-a0-1654-ge73a678 (webtiles) character file.

242 Arkorax the Charmwright (level 6, -5/46 HPs)
             Began as a Human Skald on Mar 30, 2016.
             Killed from afar by an orc wizard (11 damage)
             ... with a magic dart
             ... on level 4 of the Dungeon.
             The game lasted 00:04:57 (3386 turns).

Arkorax the Charmwright (Human Skald)               Turns: 3386, Time: 00:04:59

Health: -5/46      AC:  4    Str: 18    XL:     6   Next: 31%
Magic:  5/9        EV: 12    Int: 12    God:
Gold:   145        SH:  0    Dex: 14    Spells: 2 memorised, 5 levels left

rFire  . . .     SeeInvis .     a - +0 spear
rCold  . . .     Gourm    .     l - +2 robe {rN+}
rNeg   + . .     Faith    .     (no shield)
rPois  .         Spirit   .     (no helmet)
rElec  .         Dismiss  .     (no cloak)
rCorr  .         Reflect  .     (no gloves)
SustAt +         Harm     .     (no boots)
MR     .....                    (no amulet)
Stlth  +.........               (no ring)
                                q - ring of sustain attributes

@: mighty, flying, very slightly contaminated, invisible, not resistant to
hostile enchantments, very unstealthy
A: no striking features
a: no special abilities


You were on level 4 of the Dungeon.
You were hungry.

You visited 1 branch of the dungeon, and saw 4 of its levels.

You collected 145 gold pieces.

Inventory:

Hand Weapons
 a - a +0 spear (weapon)
Armour
 b - a +0 leather armour
 l - a +2 robe of positive energy (worn)
Jewellery
 q - a ring of sustain attributes (left hand)
 s - a cursed amulet of inaccuracy {unknown}
Scrolls
 e - 4 scrolls of identify {unknown}
 g - 2 scrolls of remove curse {unknown}
 n - 2 scrolls of fear {unknown}
 p - a scroll of enchant armour {unknown}
Potions
 f - a potion of flight
 j - a potion of degeneration {unknown}
 k - a potion of brilliance {unknown}
Books
 c - a book of Battle

   Spells                             Type                      Level
   a - Infusion                       Charms                       1
   b - Shroud of Golubria             Charms/Translocation         2
   c - Song of Slaying                Charms                       2
   d - Spectral Weapon                Hexes/Charms                 3
   e - Regeneration                   Charms/Necromancy            3
Comestibles
 m - a meat ration
 r - a fruit
 t - a bread ration
 u - a beef jerky
 v - a slice of pizza


   Skills:
 - Level 2.9 Fighting
 + Level 3.5 Polearms
 - Level 1.0 Armour
 - Level 1.0 Dodging
 - Level 2.0 Spellcasting
 + Level 2.1 Hexes
 * Level 4.8 Charms


You had 5 spell levels left.
You knew the following spells:

 Your Spells              Type           Power        Failure   Level  Hunger
a - Infusion              Chrm           ##..         4%          1    ##.....
b - Spectral Weapon       Hex/Chrm       #.......     24%         3    ####...


Dungeon Overview and Level Annotations

Branches:
Dungeon (4/15)
 Temple: D:4-7

Altars:
Fedhas


Message History

A magic dart appears from out of thin air!
The magic dart hits you!
* * * LOW HITPOINT WARNING * * *
The orc closely misses you.
You puncture something!
You hear some strange, mumbled words.
A puff of flame appears from out of thin air!
The puff of flame hits you!
* * * LOW HITPOINT WARNING * * *
The orc hits you but does no damage.
You miss something. Something hits you.
* * * LOW HITPOINT WARNING * * *
Drink which item? (? for menu, Esc to quit)
It was a potion of invisibility.
You fade into invisibility!
The orc closely misses you.
You hear some strange, mumbled words.
A magic dart appears from out of thin air!
The magic dart hits you!
You die...

#...######.#.#
#####...##.......
...............# # #
...............#.##.#
....................#
###.#...#..##.##.#..#
#.#...#...........#
#.#...#.###.####.###.#
#.#...#.# #.#.@.o....#
##.#...#.#
#.#(##.##.##
#........# #.....)..#
##.#.....## ###.##.(.#
#...♣♣♣♣♣### #.####.#
#...♣###♣..# #.# .#
#....'_'...####.. #
....♣###♣#....###
#..>♣♣ ###...##


You could see an orc and a friendly spectral spear.

Vanquished Creatures
  A phantom (D:4)
  A vampire bat (D:3)
  3 adders
  A worm (D:2)
  4 dart slugs
  2 giant geckos
  An orc (D:4)
  A ball python (D:1)
  16 bats
  3 giant cockroaches
  6 goblins
  9 hobgoblins
  7 jackals
  A giant gecko skeleton (D:4)
  2 giant newts (D:1)
  8 kobolds
  6 rats
72 creatures vanquished.

Vanquished Creatures (others)
  A spectral weapon (D:4)
1 creature vanquished.

Grand Total: 73 creatures vanquished

Notes
Turn   | Place    | Note
--------------------------------------------------------------
     0 | D:1      | Arkorax the Human Skald began the quest for the Orb.
     0 | D:1      | Reached XP level 1. HP: 16/16 MP: 3/3
    88 | D:1      | Reached XP level 2. HP: 7/22 MP: 0/5
   708 | D:1      | Reached XP level 3. HP: 24/28 MP: 6/6
  1094 | D:1      | Learned a level 3 spell: Spectral Weapon
  1424 | D:2      | Reached XP level 4. HP: 34/34 MP: 7/7
  1961 | D:2      | Reached skill level 1 in Hexes
  2512 | D:3      | Reached XP level 5. HP: 39/40 MP: 8/8
  2533 | D:3      | Reached skill level 4 in Charms
  3110 | D:4      | Found a blossoming altar of Fedhas.
  3128 | D:4      | Noticed a phantom
  3152 | D:4      | Killed a phantom
  3152 | D:4      | Reached XP level 6. HP: 17/46 MP: 7/9
  3386 | D:4      | Killed from afar by an orc wizard

Vault maps used:
D:1:      scummos_arrival_hexagon
D:2:      minmay_misc_feat_pillars
D:3:      first_bread, roderic_batcave
D:4:      kennysheep_mini_moat, gammafunk_temple_overflow_pools,
          minmay_temple_entry_hall, serial_shops, nicolae_shop_stone,
          kennysheep_cross_room, lemuel_angel_altar, uniq_natasha

Skill      XL: |  1  2  3  4  5 |
---------------+----------------+-----
Hexes          | 1 2 |  2.1
Polearms       | 3 |  3.5
Charms         | 4 |  4.8
Fighting       | |  2.9
Armour         | |  1.0
Dodging        | |  1.0
Spellcasting   | |  2.0

Action                   |  1- 3 |  4- 6 || total
-------------------------+-------+-------++-------
Melee: Spear             |   147 |   193 ||   340
 Cast: Infusion          |     1 |       ||     1
       Spectral Weapon   |       |     3 ||     3
  Use: Potion            |       |     6 ||     6
 Stab: Distracted        |     1 |     1 ||     2
       Sleeping          |     1 |       ||     1
  Eat: Chunk             |     1 |     1 ||     2
       Bread ration      |     1 |       ||     1
       Fruit             |       |     2 ||     2
